 Dungeon Crawl Stone Soup version 0.27-a0-604-g29a88b33a7 (webtiles) character file.

Game seed: 5552844437180376800

9 Lanoc the Sneak (level 2, -3/25 HPs)
             Began as a Ghoul Brigand on Mar 12, 2021.
             Slain by an adder (5 damage)
             ... on level 2 of the Dungeon.
             The game lasted 00:00:34 (292 turns).

Lanoc the Sneak (Ghoul Brigand)                      Turns: 292, Time: 00:00:34

Health: -3/25      AC:  3    Str: 14    XL:     2   Next: 12%
Magic:  1/1        EV: 11    Int:  6    God:
Gold:   11         SH:  0    Dex: 10    Spells: 1/1 levels left

rFire    . . .     SeeInvis .   (no weapon)
rCold    + . .     Faith    .   (no shield)
rNeg     + + +     Spirit   .   b - +0 robe
rPois    ∞         Reflect  .   (no helmet)
rElec    .         Harm     .   c - +0 cloak
rCorr    .         Rampage  .   (no gloves)
Will     .....                  (no boots)
Stlth    ++........             (no amulet)
HPRegen  0.00/turn              (no ring)
MPRegen  0.07/turn              (no ring)

@: no status effects
A: claws 1, cold resistance 1, negative energy resistance 3, inhibited
regeneration, torment resistance 2, unbreathing 1
a: no special abilities


You were on level 2 of the Dungeon.
You visited 1 branch of the dungeon, and saw 2 of its levels.

You collected 11 gold pieces.

Inventory:

Missiles
 d - 7 poisoned darts (quivered)
 e - 2 curare-tipped darts
Armour
 b - a +0 robe (worn)
 c - a +0 cloak (worn)
Scrolls
 f - a scroll of teleportation {unknown}


   Skills:
 + Level 2.5 Fighting
 - Level 1.7 Short Blades
 - Level 1.7 Throwing
 + Level 1.2 Dodging
 + Level 4.6 Stealth


You had one spell level left.
You didn't know any spells.
Your spell library was empty.

Dungeon Overview and Level Annotations

Branches:
Dungeon (2/15)

Altars:


Innate Abilities, Weirdness & Mutations

You thrive by killing the living.
You are immune to poison.
You have sharp fingernails.
Your flesh is cold resistant. (rC+)
You are immune to negative energy. (rN+++)
You do not regenerate when monsters are visible.
You are immune to unholy pain and torment.
You can survive without breathing.


Message History

No target in view!
An adder and a hobgoblin come into view.
Drop what? 6/52 slots (_ for help) (? for menu, Esc to quit)
You are now empty-clawed.
You drop a +2 dagger.
A rat comes into view.
The adder hisses angrily.
The hobgoblin shouts!
You hear a shout!
The adder bites you. x2
You closely miss the adder. The hobgoblin hits you with a +0 club.
The adder bites you.
You are too injured to fight recklessly!
You are too injured to fight recklessly!
A hobgoblin comes into view.
The adder closely misses you. The hobgoblin hits you with a +0 club.
* * * LOW HITPOINT WARNING * * *
You scratch the hobgoblin but do no damage.
You scratch the hobgoblin.
The hobgoblin is heavily wounded.
The hobgoblin hits you with a +0 club.
* * * LOW HITPOINT WARNING * * *
You scratch the hobgoblin.
The hobgoblin is severely wounded.
The hobgoblin barely misses you.
You barely miss the hobgoblin.
The hobgoblin is severely wounded.
The hobgoblin hits you with a +0 club.
* * * LOW HITPOINT WARNING * * *
Throw: 8 darts (poison)
Press: ? - help, Q - select action, (/) - cycle Shift-Dir - straight line, f - hobgoblin
Aim: a hobgoblin, wielding a +0 club (severely wounded, 56% to hit)
You throw a poisoned dart.
The poisoned dart closely misses the hobgoblin.
The poisoned dart misses the adder.
The hobgoblin barely misses you.
You aren't carrying any potions.
You scratch the hobgoblin.
You kill the hobgoblin!
You feel better. The adder bites you.
You die...

#.....
######....
..........
.........#
........#
♣.....#
♣...r####
♣(..gS@)#
♣....##.#
♣....##.#
.......##.#
........##.#
##########.#
#.# #.# #.#


You could see an adder, a hobgoblin and a rat.

Vanquished Creatures
  An ooze (D:1)
  2 hobgoblins
  A frilled lizard (D:1)
  3 rats
7 creatures vanquished.

Notes
Turn   | Place    | Note
-------+----------+-------------------------------------------
     0 | D:1      | Lanoc the Ghoul Brigand began the quest for the Orb.
     0 | D:1      | Reached XP level 1. HP: 17/17 MP: 0/0
    30 | D:1      | Reached skill level 1 in Dodging
    39 | D:1      | Reached XP level 2. HP: 12/25 MP: 1/1
   290 | D:2      | HP: 1/25 [hobgoblin/+0 club (3)]
   292 | D:2      | Slain by an adder

Illustrated notes

Levels and vault maps discovered:
D:1:      dpeg_arrival_simpleton_c, layout_basic
D:2:      layout_basic, chequers_ecumenical_altar_simple_redux,
          hangedman_decor_opposing, nrook_campfire, fedhas_altar_fruit_tree

Skill      XL: |  1 |
---------------+----+-----
Dodging        | 1 |  1.2
Fighting       | |  2.5
Short Blades   | |  1.7
Throwing       | |  1.7
Stealth        | |  4.6

Action                   || total
-------------------------++-------
Melee: Dagger            ||    16
       Unarmed           ||     6
Throw: Dart              ||     1
 Stab: Sleeping          ||     2
Dodge: Dodged            ||     9

Table legend: (Time is in decaauts)
 A = Elapsed time spent in this place.
 B = Non-inter-level travel time spent in this place.
 C = Inter-level travel time spent in this place.
 D = Time resting spent in this place.
 E = Time spent auto-exploring this place.
 F = Levels seen in this place.
 G = Mean time per level.
                   A        B        C        D        E       F      G
               +--------+--------+--------+--------+--------+-----+--------+
         Total |    290 |    284 |      6 |      0 |    238 |   2 |  145.0 |
       Dungeon |    290 |    284 |      6 |      0 |    238 |   2 |  145.0 |
               +--------+--------+--------+--------+--------+-----+--------+

Top non-repeatable levels by time:
     D:1: 260 daAuts
     D:2: 30 daAuts
